 Dungeon Crawl Stone Soup version 0.19.4-8-ga85b6b9 (webtiles) character file.

294 Jynx the Cutter (level 6, -1/41 HPs)
             Began as a Vampire Enchanter on Feb 11, 2017.
             Slain by a gnoll
             ... wielding a +0 spear
              (9 damage)
             ... on level 4 of the Dungeon.
             The game lasted 00:03:42 (3194 turns).

Jynx the Cutter (Vampire Enchanter)                 Turns: 3194, Time: 00:03:43

Health: -1/41      AC:  4    Str:  7    XL:     6   Next: 11%
Magic:  9/9        EV: 15    Int: 18    God:
Gold:   110        SH:  0    Dex: 16    Spells: 1 memorised, 8 levels left

rFire  . . .     SeeInvis +     h - +1 short sword (venom)
rCold  . . .     Gourm    .     b - +2 robe
rNeg   + . .     Faith    .     (no shield)
rPois  .         Spirit   .     (no helmet)
rElec  .         Reflect  .     (no cloak)
rCorr  .         Harm     .     (no gloves)
MR     .....                    (no boots)
Stlth  +++.......               (no amulet)
                                (no ring)
                                (no ring)

@: no status effects
A: fangs 3, see invisible, unbreathing
a: Bat Form


You were on level 4 of the Dungeon.
You were not thirsty.

You visited 1 branch of the dungeon, and saw 4 of its levels.

You collected 110 gold pieces.

Inventory:

Hand Weapons
 h - a +1 short sword of venom (weapon)
Armour
 b - a +2 robe (worn)
Jewellery
 d - an uncursed amulet of faith {unknown}
Scrolls
 f - a scroll of blinking
 i - 2 scrolls of fear
Potions
 a - 2 potions of mutation {unknown}
 e - 2 potions of curing {unknown}
 g - 3 potions of might
Books
 c - a book of Maledictions

   Spells                             Type                      Level
   a - Corona                         Hexes                        1
   b - Ensorcelled Hibernation        Hexes/Ice                    2
   c - Confuse                        Hexes                        3
   d - Tukima's Dance                 Hexes                        3
   e - Dazzling Spray                 Conjuration/Hexes            3


   Skills:
 * Level 5.4 Short Blades
 + Level 4.5 Dodging
 - Level 4.4 Stealth
 - Level 2.0 Spellcasting
 - Level 4.4 Hexes


You had 8 spell levels left.
You knew the following spells:

 Your Spells              Type           Power        Failure   Level  Hunger
a - Corona                Hex            ###....      3%          1    #......


Dungeon Overview and Level Annotations

Branches:
Dungeon (4/15)
 Temple: D:4-7

Altars:
Dithmenos
Okawaru
Uskayaw


Innate Abilities, Weirdness & Mutations

You have razor-sharp teeth.
You have supernaturally acute eyesight. (SInv)
You can survive without breathing.


Message History

You barely miss the gnoll.
The gnoll is heavily wounded.
The gnoll hits you from afar with a spear!
The gnoll hits you with a whip.
You hit the gnoll but do no damage.
The gnoll is severely wounded.
The gnoll hits you from afar with a spear.
* * * LOW HITPOINT WARNING * * *
You are too injured to fight recklessly!
You are too injured to fight recklessly!
You are too injured to fight recklessly!
You are too injured to fight recklessly!
You are too injured to fight recklessly!
You hit the gnoll but do no damage.
The gnoll looks as sick as possible!
The gnoll is severely wounded.
The gnoll misses you.
You barely miss the gnoll.
The gnoll is severely wounded.
The gnoll hits you from afar with a spear!
You die...

... #.# #.##.. ..
... ..% [# #.# ...
.# ######.# #.# .#
.......# #.# .#
######.###.#
#######.#
##.†...####.@gg...#
#...........####..#
#####.###.(######
#..# ...........#
#..# ###.#.###.##
#.... #.#.# #.#
....... # #.# #.#
.##r#.#.# #.# #.#
## ...# # #.# #.#
g..#


You could see 2 gnolls.

Vanquished Creatures
  A bullfrog (D:3)
  An orc priest (D:3)
  2 orc wizards (D:3)
  A hound (D:4)
  4 adders
  A worm (D:3)
  2 dart slugs (D:1)
  A leopard gecko (D:1)
  9 orcs (D:3)
  6 bats
  7 giant cockroaches
  9 goblins
  10 hobgoblins
  A quokka (D:3)
  3 frilled lizards
  5 kobolds
  6 rats
69 creatures vanquished.

Notes
Turn   | Place    | Note
-------+----------+-------------------------------------------
     0 | D:1      | Jynx the Vampire Enchanter began the quest for the Orb.
     0 | D:1      | Reached XP level 1. HP: 13/13 MP: 3/3
    95 | D:1      | Reached skill level 2 in Short Blades
    95 | D:1      | Reached XP level 2. HP: 19/19 MP: 5/5
   611 | D:1      | Reached XP level 3. HP: 24/24 MP: 6/6
   855 | D:1      | You fall through a shaft!
   897 | D:2      | Reached skill level 3 in Short Blades
  1106 | D:2      | Found a shadowy altar of Dithmenos.
  1135 | D:2      | Reached XP level 4. HP: 19/30 MP: 7/7
  1810 | D:3      | Noticed a bullfrog
  1821 | D:3      | Killed a bullfrog
  1821 | D:3      | Reached skill level 4 in Short Blades
  1821 | D:3      | Reached XP level 5. HP: 16/35 MP: 8/8
  1996 | D:3      | Found an iron altar of Okawaru.
  2121 | D:3      | Found a hide-covered altar of Uskayaw.
  2124 | D:3      | Noticed a hand axe
  2125 | D:3      | Noticed a hand axe
  2619 | D:3      | Reached skill level 5 in Short Blades
  3095 | D:3      | Reached XP level 6. HP: 41/41 MP: 9/9
  3194 | D:4      | Slain by a gnoll

Skill      XL: |  1  2  3  4  5 |
---------------+----------------+-----
Short Blades   | 2 3 4 5 |  5.4
Dodging        | 3 4 |  4.5
Stealth        | |  4.4
Spellcasting   | |  2.0
Hexes          | |  4.4

Action                   |  1- 3 |  4- 6 || total
-------------------------+-------+-------++-------
Melee: Dagger            |    12 |       ||    12
       Bite              |    10 |    10 ||    20
       Short sword       |    66 |   150 ||   216
  Use: Scroll            |     5 |     2 ||     7
 Stab: Sleeping          |     4 |     7 ||    11
       Distracted        |       |     1 ||     1
  Eat: Corpse            |     2 |     8 ||    10
Armor: Robe              |    16 |    20 ||    36
Dodge: Dodged            |    44 |    85 ||   129
